 Dungeon Crawl Stone Soup version 0.25.1-2-g60ff931df9 (webtiles) character file.

Game seed: 2574939616008544319

1904 DildoBatman the Conjurer (level 9, -20/62 HPs)
             Began as a Formicid Wizard on Sept 7, 2020.
             Was an Initiate of Kikubaaqudgha.
             Demolished by an orc knight
             ... wielding a +4 glaive
              (23 damage)
             ... in a bailey.
             The game lasted 00:27:44 (7632 turns).

DildoBatman the Conjurer (Formicid Wizard)          Turns: 7632, Time: 00:27:45

Health: -20/62     AC:  8    Str: 15    XL:     9   Next: 38%
Magic:  13/24      EV: 11    Int: 21    God:    Kikubaaqudgha [......]
Gold:   330        SH:  0    Dex:  9    Spells: 9/16 levels left

rFire    + . .     SeeInvis +   a - +4 whip (elec)
rCold    + + .     Gourm    .   (no shield)
rNeg     . . .     Faith    .   t - +1 ring mail "Veimn" {rC+ Str+3}
rPois    +         Spirit   .   (helmet unavailable)
rElec    +         Reflect  .   (no cloak)
rCorr    +         Harm     .   A - +0 pair of gloves (curse)
MR       .....                  E - +0 pair of boots
Stlth    +.........             (no amulet)
HPRegen  0.20/turn              q - ring of magical power
MPRegen  0.19/turn              (no ring)

@: resistant
A: permanent stasis, dig shafts and tunnels, four strong arms, antennae 3
a: Dig, Shaft Self, Renounce Religion


You were in a bailey.
You worshipped Kikubaaqudgha.
Kikubaaqudgha was noncommittal.
You were hungry.

You visited 2 branches of the dungeon, and saw 8 of its levels.
You also visited: Bailey.

You collected 330 gold pieces.

Inventory:

Hand Weapons
 a - a +4 whip of electrocution (weapon)
 b - a +0 hunting sling
 e - a +0 shortbow of freezing
Missiles
 f - 157 stones
 n - 49 poisoned darts (quivered)
 r - 16 bolts
 u - 149 arrows
 y - a throwing net
Armour
 t - the +1 ring mail "Veimn" (worn) {rC+ Str+3}
   (You found it on level 4 of the Dungeon)

   It affects your strength (+3).
   It protects you from cold.
 A - a cursed +0 pair of gloves (worn)
 E - a +0 pair of boots (worn)
Jewellery
 q - a ring of magical power (left hand)
Scrolls
 i - 5 scrolls of amnesia
 j - a scroll of magic mapping {unknown}
 w - 2 scrolls of immolation
 x - a scroll of remove curse
 C - a scroll of fog
 D - 2 scrolls of enchant armour
 G - a scroll of torment
Potions
 d - a potion of heal wounds {unknown}
 g - a potion of ambrosia {unknown}
 h - a potion of flight
 k - 2 potions of lignification {unknown}
 l - 2 potions of mutation {unknown}
 m - a potion of brilliance {unknown}
 p - a potion of berserk rage {unknown}
 s - a potion of degeneration {unknown}
Comestibles
 v - 16 rations
 z - a chunk of flesh


   Skills:
 * Level 2.4 Fighting
 * Level 2.4 Armour
 * Level 2.9 Dodging
 - Level 2.4 Stealth
 * Level 4.2 Spellcasting
 - Level 6.0 Conjurations
   Level 1.0 Summonings
   Level 0.8 Translocations
 - Level 5.0 Fire Magic
 - Level 5.0 Air Magic


You had 9 spell levels left.
You knew the following spells:

 Your Spells              Type           Power        Failure   Level  Hunger
a - Conjure Flame         Conj/Fire      ####....     7%          3    ###....
c - Magic Dart            Conj           ####         1%          1    None
e - Mephitic Cloud        Conj/Pois/Air  ###.....     16%         3    ###....

Your spell library contained the following spells:

 Spells                   Type           Power        Failure   Level  Hunger
 Call Imp                 Summ           #.......     22%         2    #......
 Slow                     Hex            #.......     34%         2    #......
 Blink                    Tloc           Unusable     N/A         2    N/A

Dungeon Overview and Level Annotations

Branches:
Dungeon (7/15)             Temple (1/1) D:4          Bailey (1/1)

Altars:
Cheibriados
Dithmenos
Elyvilon
Fedhas
Gozag
Kikubaaqudgha
Makhleb
Nemelex Xobeh
Okawaru
Qazlal
Ru
Sif Muna
Trog
Vehumet
Wu Jian
Xom
Yredelemnul
Zin
The Shining One
Lugonu

Shops:
D:4 [   D:5 *

Annotations:
D:3 exclusion: 2 phantoms
D:4 exclusions: crimson imp, spectral thing and 1 more exclusion, Grinder
D:5 Blork the orc
D:7 exclusion: balrug


Innate Abilities, Weirdness & Mutations

You cannot be hasted, slowed, berserked, paralysed or teleported.
You can dig through walls and to a lower floor.
Your four strong arms can wield two-handed weapons with a shield.
You have a pair of large antennae on your head. (SInv)


Message History

Casting: Magic Dart (safe; 1% risk of failure)
Confirm with . or Enter, or press ? or * to list all spells.
Aiming: Magic Dart (safe; 1% risk of failure)
Press: ? - help, Shift-Dir - straight line, f/p - orc knight
Aim: an orc knight, wielding a +4 glaive and wearing a +0 plate armour (almost dead, confused)
The magic dart hits the orc knight but does no damage.
The orc knight is almost dead.
Casting: Magic Dart (safe; 1% risk of failure)
Confirm with . or Enter, or press ? or * to list all spells.
Aiming: Magic Dart (safe; 1% risk of failure)
Press: ? - help, Shift-Dir - straight line, f/p - orc knight
Aim: an orc knight, wielding a +4 glaive and wearing a +0 plate armour (almost dead, confused)
The magic dart hits the orc knight but does no damage.
The orc knight is almost dead.
The orc knight asks, "Where am I?"
You hit the orc knight but do no damage.
The orc knight is almost dead.
The orc knight hits you with a +4 glaive!!
You die...
Kikubaaqudgha rasps: "You have failed me!
Welcome... death!"

##### ##.#.#
#.#∩## ##@∩.#
#o..# {
.......≈ {
{{{≈.......≈oo{
≈.≈≈.......≈≈o≈
≈≈≈..#...#..≈≈≈
....##...##....
#### ##∩## ####


You could see 2 orc knights, an orc warrior (strong) and an orc (strong).

Vanquished Creatures
  An ogre (D:7)
  A sky beast (D:3)
  3 black bears
  3 orc warriors (Bailey)
  4 centaurs
  A big kobold (D:7)
  A bullfrog (D:7)
  A water moccasin zombie (D:6)
  A scorpion (D:4)
  A howler monkey (D:5)
  A jelly (D:5)
  2 hounds
  A gnoll shaman (D:4)
  2 iguanas
  3 orc wizards
  5 worker ants
  A hound skeleton (D:6)
  4 gnolls (D:4)
  7 adders
  A shadow imp (D:6)
  2 oozes
  3 adder skeletons
  9 worms
  A dart slug (D:2)
  2 leopard geckos
  14 orcs
  6 giant cockroaches
  14 goblins
  8 hobgoblins
  3 jackals (D:4)
  10 kobolds
  2 bats
  3 frilled lizards
  A quokka skeleton (D:4)
  4 rats
126 creatures vanquished.

Notes
Turn   | Place    | Note
-------+----------+-------------------------------------------
     0 | D:1      | DildoBatman the Formicid Wizard began the quest for the
                  | Orb.
     0 | D:1      | Reached XP level 1. HP: 13/13 MP: 4/4
    37 | D:1      | Reached skill level 1 in Conjurations
   250 | D:1      | Reached XP level 2. HP: 17/19 MP: 3/6
   286 | D:1      | Reached skill level 2 in Conjurations
   581 | D:1      | Reached XP level 3. HP: 24/24 MP: 5/7
  1001 | D:2      | Reached skill level 3 in Conjurations
  1181 | D:2      | Found an ornate altar of the Wu Jian Council.
  1241 | D:2      | Reached XP level 4. HP: 30/30 MP: 2/8
  2251 | D:3      | Reached skill level 4 in Conjurations
  2251 | D:3      | Reached XP level 5. HP: 35/35 MP: 0/9
  2657 | D:3      | Noticed a sky beast
  2736 | D:3      | Learned a level 3 spell: Conjure Flame
  2740 | D:3      | Learned a level 3 spell: Mephitic Cloud
  3116 | D:3      | Killed a sky beast
  3116 | D:3      | Reached skill level 5 in Conjurations
  3116 | D:3      | Reached XP level 6. HP: 41/41 MP: 7/10
  3526 | D:4      | Reached skill level 1 in Fire Magic
  3545 | D:4      | Reached skill level 1 in Air Magic
  3677 | D:4      | Noticed a black bear
  3721 | D:4      | Killed a black bear
  3721 | D:4      | Reached XP level 7. HP: 27/46 MP: 7/11
  3787 | D:4      | Found a staircase to the Ecumenical Temple.
  3795 | Temple   | Entered the Ecumenical Temple
  3985 | D:4      | Found an iron altar of Okawaru.
  4304 | D:4      | Noticed Grinder
  4365 | D:4      | Found a shimmering altar of Xom.
  4447 | D:4      | Found a basalt altar of Yredelemnul.
  4563 | D:4      | Found Coamnoih's Armour Emporium.
  4630 | D:4      | Reached skill level 6 in Conjurations
  4795 | D:4      | Got a smelly ring mail
  4902 | D:5      | Entered Level 5 of the Dungeon
  4985 | D:5      | Found a shimmering altar of Xom.
  4987 | D:5      | Found a shimmering altar of Xom.
  4988 | D:5      | Found a shimmering altar of Xom.
  4988 | D:5      | Found a shimmering altar of Xom.
  4988 | D:5      | Found a shimmering altar of Xom.
  4988 | D:5      | Found a shimmering altar of Xom.
  5030 | D:5      | Found Utsoic's General Store.
  5265 | D:5      | Reached XP level 8. HP: 52/52 MP: 5/12
  5421 | D:5      | Noticed Blork the orc
  5437 | D:5      | Found a shimmering altar of Xom.
  5437 | D:5      | Found a shimmering altar of Xom.
  5446 | D:5      | Found a shimmering altar of Xom.
  6482 | D:6      | Identified the +1 ring mail "Veimn" {rC+ Str+3} (You found
                  | it on level 4 of the Dungeon)
  6708 | D:6      | Reached skill level 5 in Fire Magic
  6920 | D:6      | Found a shimmering blue altar of Sif Muna.
  6946 | D:6      | Reached skill level 5 in Air Magic
  6946 | D:6      | Reached XP level 9. HP: 43/57 MP: 4/13
  7192 | D:7      | Found a burning altar of Makhleb.
  7196 | D:7      | Found a glowing silver altar of Zin.
  7196 | D:7      | Noticed an angel
  7196 | D:7      | Noticed a balrug
  7245 | D:7      | Reached skill level 1 in Fighting
  7245 | D:7      | Reached skill level 1 in Armour
  7253 | D:7      | Found a white marble altar of Elyvilon.
  7326 | D:7      | Found a bloodstained altar of Trog.
  7328 | D:7      | Found a radiant altar of Vehumet.
  7328 | D:7      | Found a sacrificial altar of Ru.
  7330 | D:7      | Found an ancient bone altar of Kikubaaqudgha.
  7331 | D:7      | Found an opulent altar of Gozag.
  7338 | D:7      | Became a worshipper of Kikubaaqudgha
  7443 | D:7      | Found a flagged portal.
  7454 | Bailey   | Entered a bailey
  7480 | Bailey   | Noticed an orc knight
  7491 | Bailey   | Noticed an orc knight
  7615 | Bailey   | HP: 2/62 [orc knight/+4 glaive (12)]
  7622 | Bailey   | HP: 1/62 [orc knight/+4 glaive (30)]
  7632 | Bailey   | Demolished by an orc knight

Illustrated notes

Levels and vault maps discovered:
D:1:      giann_bridges, layout_rooms
D:2:      layout_basic, overflow_temple_1_default, first_ration,
          minmay_split_cup_small
D:3:      layout_rooms
D:4:      kennysheep_spiral_hall, layout_basic,
          yredelemnul_forgotten_temple_becter, lemuel_crystal_altar,
          minmay_temple_entry_junction_2, serial_shops, kennysheep_mini_moat,
          okawaru_gym_becter, uniq_grinder
D:5:      layout_rooms, serial_shops, shop, xom_redecorated, uniq_blork_the_orc
D:6:      wad_crossroads, layout_basic, led_sif_pool
D:7:      layout_rooms, grunt_temple_overflow_order_and_chaos_2,
          grunt_temple_overflow_open, elyvilon_altar_5, enter_bailey_2
Temple:   corrupted_temple
Bailey:   bailey_polearm_4, bailey

Skill      XL: |  1  2  3  4  5  6  7  8  9 |
---------------+----------------------------+-----
Conjurations   | 1 2 3 4 5 6 |  6.0
Fire Magic     | 2 3 5 |  5.0
Air Magic      | 1 2 5 |  5.0
Fighting       | 2 |  2.4
Armour         | 2 |  2.4
Dodging        | 2 |  2.9
Spellcasting   | 4 |  4.2
Stealth        | |  2.4
Summonings     | |  1.0
Translocations | |  0.8

Action                   |  1- 3 |  4- 6 |  7- 9 || total
-------------------------+-------+-------+-------++-------
Melee: Club              |     1 |       |       ||     1
       Hand axe          |     8 |    19 |       ||    27
       Morningstar       |       |    21 |    33 ||    54
       Whip              |       |       |    94 ||    94
 Fire: Hunting sling     |       |     4 |       ||     4
Throw: Dart              |     1 |    34 |    20 ||    55
 Cast: Magic Dart        |    67 |   120 |   101 ||   288
       Mephitic Cloud    |       |     8 |    22 ||    30
       Conjure Flame     |       |     3 |     9 ||    12
 Abil: Dig               |       |     3 |    18 ||    21
  Use: Scroll            |     1 |       |    12 ||    13
       Potion            |       |     2 |     7 ||     9
 Stab: Sleeping          |     2 |       |       ||     2
       Confused          |       |     2 |     6 ||     8
  Eat: Chunk             |     1 |     9 |    17 ||    27
Armor: Robe              |     4 |     5 |     2 ||    11
       Ring mail         |       |       |    45 ||    45
Dodge: Dodged            |    18 |    27 |    92 ||   137
